 Dungeon Crawl Stone Soup version 0.20.0-15-g7f486f2 (console) character file.

256 removed the Ruffian (level 5, -2/40 HPs)
             Began as a Centaur Transmuter on June 11, 2017.
             Killed by divine providence
             ... invoked by an orc priest
              (10 damage)
             ... on level 3 of the Dungeon.
             The game lasted 00:04:08 (2748 turns).

removed the Ruffian (Centaur Transmuter)            Turns: 2748, Time: 00:04:09

Health: -2/40      AC:  9    Str: 14    XL:     5   Next: 92%
Magic:  7/7        EV:  9    Int: 12    God:
Gold:   80         SH:  0    Dex:  9    Spells: 6/7 levels left

rFire    . . .     SeeInvis .     - Unarmed
rCold    . . .     Gourm    .   (no shield)
rNeg     . . .     Faith    .   h - +3 leather armour
rPois    .         Spirit   .   n - +0 helmet
rElec    .         Reflect  .   (no cloak)
rCorr    .         Harm     .   u - +0 pair of gloves
MR       .....                  (no barding)
Stlth    ..........             (no amulet)
Regen    0.2/turn               (no ring)
MPRegen  0.1/turn               (no ring)

@: lethally poisoned (-2 -> -3), very quick
A: hooves 3, deformed body, speed 2, tough skin 3
a: no special abilities


You were on level 3 of the Dungeon.
You were not hungry.

You visited 1 branch of the dungeon, and saw 3 of its levels.

You collected 80 gold pieces.

Inventory:

Hand Weapons
 z - a +0 blowgun
Missiles
 a - 25 arrows
 p - 29 poisoned needles
Armour
 b - a +0 robe
 h - a +3 leather armour (worn)
 m - a +1 ring mail of fire resistance
 n - a +0 helmet (worn)
 u - a +0 pair of gloves (worn)
 w - a +1 leather armour of magic resistance
Scrolls
 i - a scroll of random uselessness {unknown}
 j - 2 scrolls of amnesia {unknown}
 k - 3 scrolls of recharging {unknown}
 q - a scroll of remove curse {unknown}
 r - a scroll of identify {unknown}
 t - 3 scrolls of immolation {unknown}
 y - a scroll of fog {unknown}
Potions
 e - a potion of ambrosia {unknown}
 f - a potion of flight {unknown}
 l - a potion of degeneration {unknown}
 s - a potion of curing
Books
 c - a book of Changes

   Spells                             Type                      Level
   a - Beastly Appendage              Transmutation                1
   b - Sticks to Snakes               Transmutation                2
   c - Spider Form                    Transmutation/Poison         3
   d - Ice Form                       Ice/Transmutation            4
   e - Blade Hands                    Transmutation                5
Comestibles
 d - a bread ration
 v - a meat ration


   Skills:
 - Level 1.0 Fighting
 - Level 1.3 Dodging
 + Level 6.7 Unarmed Combat
 - Level 1.5 Spellcasting
 - Level 1.7 Transmutations


You had 6 spell levels left.
You knew the following spells:

 Your Spells              Type           Power        Failure   Level  Hunger
a - Beastly Appendage     Tmut           #.....       17%         1    ##.....


Dungeon Overview and Level Annotations

Branches:
Dungeon (3/15)

Altars:
Elyvilon
Vehumet

Annotations:
D:2 1 runed door, Sigmund


Innate Abilities, Weirdness & Mutations

You have hooves in place of feet.
Armour fits poorly on your strangely shaped body.
You cover ground very quickly.
You have extremely tough skin. (AC +3)


Message History

Unknown command.
You closely miss the orc priest.
The orc priest is lightly wounded.
The jackal barely misses you. The jackal completely misses you.
Unknown command.
You punch the orc priest!
The orc priest is severely wounded.
The jackal bites you.
* * * LOW HITPOINT WARNING * * *
The orc priest hits you with a dagger.
* * * LOW HITPOINT WARNING * * *
The jackal barely misses you.
You hit the orc priest.
You kick the orc priest, but do no damage.
The orc priest is almost dead.
You feel sick.
The jackal bites you but does no damage. x2
The orc priest mumbles some strange prayers to Beogh against you.
Beogh smites you!
You die...

.#.# #.# #...
......##.####.##
#.#.......)..^..
#.###.##.#......
...# #.#.##... #..#
#.#.####. #..#
##.#.# #..
####..##.##.#.# ##.
#h@o....(##.#># #.
......h##..#####.#.#
#. .......
#..((......# #.
.####..
##.#####.######. ...
o.o# #........
........# ######...
#.....o.## #..>.
###..$## #..#. #...
#..#.


You could see an orc priest and 2 jackals.

Vanquished Creatures
  A sky beast (D:3)
  Robin (D:2)
  5 adders
  An ooze (D:1)
  A worm (D:2)
  2 dart slugs
  8 orcs (D:3)
  5 bats
  3 giant cockroaches
  14 goblins
  12 hobgoblins
  12 jackals
  A quokka (D:3)
  2 frilled lizards
  9 kobolds
  6 rats
83 creatures vanquished.

Vanquished Creatures (others)
  A quokka (D:2)
1 creature vanquished.

Grand Total: 84 creatures vanquished

Notes
Turn   | Place    | Note
-------+----------+-------------------------------------------
     0 | D:1      | removed the Centaur Transmuter began the quest for the Orb.
     0 | D:1      | Reached XP level 1. HP: 16/16 MP: 3/3
   212 | D:1      | Reached XP level 2. HP: 15/23 MP: 4/4
   450 | D:1      | Reached skill level 4 in Unarmed Combat
   606 | D:1      | Reached XP level 3. HP: 20/28 MP: 5/5
   771 | D:2      | Found a white marble altar of Elyvilon.
   852 | D:2      | Noticed Robin
   958 | D:2      | Killed Robin
  1204 | D:2      | Reached XP level 4. HP: 35/35 MP: 6/6
  1219 | D:2      | Reached skill level 5 in Unarmed Combat
  1277 | D:2      | Noticed Sigmund
  1543 | D:2      | Found a runed door.
  1580 | D:2      | Found a white marble altar of Elyvilon.
  1874 | D:2      | Found a radiant altar of Vehumet.
  2166 | D:3      | Reached XP level 5. HP: 37/40 MP: 7/7
  2302 | D:3      | Noticed a sky beast
  2369 | D:3      | Killed a sky beast
  2369 | D:3      | Reached skill level 6 in Unarmed Combat
  2748 | D:3      | Killed from afar by an orc priest

Skill      XL: |  1  2  3  4  5 |
---------------+----------------+-----
Unarmed Combat | 4 5 6 |  6.7
Fighting       | |  1.0
Dodging        | |  1.3
Spellcasting   | |  1.5
Transmutations | |  1.7

Action                   |  1- 3 |  4- 6 || total
-------------------------+-------+-------++-------
Melee: Unarmed           |   142 |   170 ||   312
       Kick              |    29 |    19 ||    48
       Punch             |     1 |     2 ||     3
  Eat: Chunk             |     1 |     4 ||     5
Armor: Leather armour    |    55 |    88 ||   143
       Robe              |     2 |       ||     2
Dodge: Dodged            |    62 |    88 ||   150
